[Event "Team 45 45 League T76"]
[Site "Internet Chess Club"]
[Date "2018.04.08"]
[Round "3"]
[White "leandromorg"]
[Black "Percival"]
[Result "0-1"]
[WhiteElo "1688"]
[BlackElo "2038"]
[Opening "Queen's pawn game"]
[ECO "D00"]
[Time "20:07:42"]
[TimeControl "2700+45"]

1. d4 d5 2. e3 Bf5 3. Bd3 Bxd3 4. Qxd3 c6 5. c4 e6 6. f4 Nf6 7. Nc3 Nbd7 8. Nf3
Be7 9. O-O O-O 10. Ne5 Qc7 11. cxd5 exd5 12. Bd2 Bb4 13. Ne2 Bxd2 14. Qxd2 Ne4
15. Qd3 f6 16. Nxd7 Qxd7 17. b4 a6 18. a4 Rfe8 19. Nc3 Nd6 20. Rfb1 b5 21. axb5
axb5 22. Nd1 Nc4 23. Qc3 Qf5 24. Rxa8 Rxa8 25. Ra1 Rxa1 26. Qxa1 Qc2 27. h3 Qd2
28. Kh2 h5 29. Qa8+ Kh7 30. Qxc6 Qxd1 31. Qxd5 Qe2 32. Qe4+ Kh6 33. Qe8 Nxe3 34.
Qh8+ Kg6 35. Qe8+ Kh7 36. Qe4+ f5 37. Qc6 h4 {White resigns} 0-1

[Event "Team 45 45 League T76"]
[Site "Internet Chess Club"]
[Date "2018.04.09"]
[Round "3"]
[White "limeinthecoke"]
[Black "MarcB"]
[Result "1-0"]
[WhiteElo "1680"]
[BlackElo "1686"]
[Opening "English: symmetrical variation"]
[ECO "A30"]
[Time "18:00:30"]
[TimeControl "2700+45"]

1. c4 c5 2. Nf3 Nf6 3. Nc3 d6 4. e3 e6 5. d4 d5 6. cxd5 exd5 7. Be2 Nc6 8. O-O
Be7 9. dxc5 Bxc5 10. a3 O-O 11. b4 Bb6 12. Na4 Bc7 13. Bb2 Be6 14. Nc5 Qc8 15.
Bxf6 gxf6 16. Rc1 a6 17. Qc2 Bf5 18. Qb2 Be5 19. Nxe5 fxe5 20. f4 f6 21. Qa2 Be6
22. f5 Bf7 23. Qc2 b5 24. Bg4 Qe8 25. Ne6 Bxe6 26. fxe6 Ne7 27. Qc7 Qd8 28. Qxd8
Raxd8 29. Rc7 Rfe8 30. Bh5 Ng6 31. Bxg6 hxg6 32. Rxf6 d4 33. Rxg6+ Kh8 34. Rd7
d3 35. Kf2 e4 36. Rxd8 Rxd8 37. e7 Re8 38. Re6 Kg7 39. h4 Kf7 40. Rxe4 Rxe7 41.
Rxe7+ Kxe7 42. h5 Kf6 43. g4 Kg5 44. Ke1 {Black resigns} 1-0

[Event "Team 45 45 League T76"]
[Site "Internet Chess Club"]
[Date "2018.04.07"]
[Round "3"]
[White "nealbruce"]
[Black "ivanson"]
[Result "1-0"]
[WhiteElo "1733"]
[BlackElo "1735"]
[Opening "Ruy Lopez: closed, Chigorin, 12...c5d4"]
[ECO "C99"]
[Time "15:31:02"]
[TimeControl "2700+45"]

1. e4 e5 2. Nf3 Nc6 3. Bb5 a6 4. Ba4 Nf6 5. O-O Be7 6. Re1 b5 7. Bb3 d6 8. h3
O-O 9. c3 Na5 10. Bc2 c5 11. d4 Qc7 12. Nbd2 cxd4 13. cxd4 Bd7 14. Nf1 Nc6 15.
Be3 Nb4 16. Bb3 Rac8 17. Rc1 Qb8 18. Ng3 Rxc1 19. Bxc1 Nc6 20. Bg5 Qd8 21. a3 h6
22. Bc1 Qb6 23. Be3 Qb8 24. Qd3 Na5 25. Ba2 Nc6 26. b4 Nd8 27. Nh4 Be6 28. Bxe6
Nxe6 29. d5 Nc7 30. Nhf5 Qd8 31. Qd2 Kh7 32. Bxh6 Ng8 33. Bxg7 Bg5 34. Qe2
{Black resigns} 1-0

[Event "Team 45 45 League T76"]
[Site "Internet Chess Club"]
[Date "2018.04.06"]
[Round "3"]
[White "Demachaeron"]
[Black "Tobiasdelmonte"]
[Result "1-0"]
[WhiteElo "1640"]
[BlackElo "1650"]
[Opening "Nimzo-Indian: classical variation"]
[ECO "E32"]
[Time "22:07:06"]
[TimeControl "2700+45"]

1. d4 Nf6 2. c4 e6 3. Nc3 Bb4 4. Qc2 O-O 5. Nf3 c5 6. e3 d5 7. Bd2 Nc6 8. cxd5
exd5 9. a3 cxd4 10. axb4 Nxb4 11. Qb3 dxc3 12. Bxc3 Nc6 13. Bd3 Qe7 14. O-O Be6
15. Qc2 h6 16. Nd4 Bg4 17. Nxc6 bxc6 18. Bd4 Qd7 19. Rfc1 Rfc8 20. Ba6 Bf5 21.
Bxc8 Rxc8 22. Qa4 c5 23. Rxc5 Rxc5 24. Bxc5 Qb7 25. Bd4 Ne4 26. Qe8+ Kh7 27. Qf8
Nf6 28. Rxa7 Qb3 29. h3 Qd1+ 30. Kh2 Be6 31. Bxf6 gxf6 32. Ra8 Kg6 33. Qg8+ Kh5
34. Qg7 Qc2 35. g4+ {Black resigns} 1-0

[Event "Team 45 45 League T76"]
[Site "Internet Chess Club"]
[Date "2018.04.07"]
[Round "3"]
[White "Sloggi"]
[Black "primerpaso"]
[Result "0-1"]
[WhiteElo "1843"]
[BlackElo "1885"]
[Opening "Trompowsky attack (Ruth, Opocenský opening)"]
[ECO "A45"]
[Time "15:04:39"]
[TimeControl "2700+45"]

1. d4 Nf6 2. Bg5 d5 3. Bxf6 exf6 4. e3 Be6 5. Bd3 Nd7 6. Nf3 Bd6 7. Nbd2 Nb6 8.
O-O O-O 9. Qe2 Re8 10. Rac1 c6 11. c4 dxc4 12. Bxc4 Nxc4 13. Nxc4 Bc7 14. h3 Qe7
15. b3 f5 16. Qd2 Rad8 17. Rfd1 Bd5 18. Kf1 Bxf3 19. gxf3 Qh4 20. Ke2 f4 21. e4
f5 22. e5 c5 23. Qc2 cxd4 24. Kd3 Qxh3 25. Qe2 Qh6 26. a4 Qa6 27. Kc2 Bxe5 28.
Qd3 Qf6 29. Kb1 g6 30. Rc2 Re6 31. Rdc1 Qe7 32. Rg1 Bg7 33. Rgc1 Re1 34. Nb2
Rxc1+ 35. Rxc1 h5 36. Qc4+ Qf7 37. Qxf7+ Kxf7 38. Rc7+ Kf6 39. Nd3 g5 40. Rxb7
h4 41. Rc7 Re8 42. Rc6+ Re6 43. Rc1 Re2 44. Rf1 Bf8 45. Rd1 Kg6 46. b4 Kh5 47.
b5 h3 48. a5 Kh4 49. b6 axb6 50. a6 Re8 51. Kc2 h2 52. a7 Kh3 53. Ra1 Ra8 {White
resigns} 0-1

[Event "Team 45 45 League T76"]
[Site "Internet Chess Club"]
[Date "2018.04.07"]
[Round "3"]
[White "VictorRed"]
[Black "Beetlejuice"]
[Result "1-0"]
[WhiteElo "1754"]
[BlackElo "1768"]
[Opening "Réti v Dutch"]
[ECO "A04"]
[Time "08:06:58"]
[TimeControl "2700+45"]

1. Nf3 f5 2. d4 Nf6 3. g3 g6 4. Bg2 Bg7 5. O-O O-O 6. Nc3 d6 7. Re1 Ne4 8. Ng5
Nxc3 9. bxc3 e6 10. Rb1 d5 11. Nf3 c5 12. Ba3 Na6 13. e3 Qa5 14. Qc1 Rd8 15. Bf1
Qxc3 16. Bxa6 bxa6 17. Bxc5 Bf8 18. Rb3 Qa5 19. Bxf8 Rxf8 20. Qb2 Bd7 21. Rc1
Rfc8 22. Ne5 Bb5 23. Ra3 Qc7 24. Qb4 Rab8 25. Qd2 Rb7 26. c3 Rcb8 27. Rb1 Bc4
28. Rxb7 Rxb7 29. Nxc4 Rb1+ 30. Kg2 Qxc4 31. Qc2 Qf1+ 32. Kf3 Qh1+ 33. Kf4 Rf1
34. Rxa6 Rxf2+ 35. Qxf2 Qe4+ 36. Kg5 Qg4+ 37. Kf6 h6 38. Qf4 {Black resigns} 1-0

[Event "Team 45 45 League T76"]
[Site "Internet Chess Club"]
[Date "2018.04.07"]
[Round "3"]
[White "Yedixon"]
[Black "Portola"]
[Result "1-0"]
[WhiteElo "1704"]
[BlackElo "1700"]
[Opening "French: Rubinstein variation"]
[ECO "C10"]
[Time "12:07:47"]
[TimeControl "2700+45"]

1. e4 e6 2. d4 d5 3. Nc3 dxe4 4. Nxe4 Be7 5. Bd3 Nd7 6. Be3 Ngf6 7. Ne2 O-O 8.
f3 b6 9. c4 Bb7 10. O-O Qc8 11. Qc2 c5 12. dxc5 Nxe4 13. Bxe4 Bxe4 14. Qxe4 Bxc5
15. b3 Nf6 16. Qe5 Rd8 17. Bxc5 bxc5 18. Rfd1 Qc6 19. Nc3 Rd7 20. Na4 Rc8 21.
Rxd7 Nxd7 22. Qe3 Qd6 23. Nc3 a6 24. Rd1 Qc7 25. Ne4 Kf8 26. Qd3 Nb8 27. Ng5 h6
28. Ne4 Ke7 29. Qc3 f6 30. Rd6 Rd8 31. Rxd8 Kxd8 32. Qe3 Nd7 33. Ng3 Ke7 34. Nh5
Kf7 35. Nf4 Qd6 36. Qd3 Qd4+ 37. Qxd4 cxd4 38. Nd3 Ke7 39. Kf2 Kd6 40. Kg3 Nc5
41. Nxc5 Kxc5 42. Kf2 h5 43. h4 e5 44. g4 g6 45. gxh5 gxh5 46. Ke2 a5 47. Kd3 f5
48. a3 Kc6 49. f4 exf4 50. Kxd4 Kd6 51. b4 axb4 52. axb4 f3 53. Ke3 Ke5 54. Kxf3
{Black resigns} 1-0

[Event "Team 45 45 League T76"]
[Site "Internet Chess Club"]
[Date "2018.04.07"]
[Round "3"]
[White "kabindra"]
[Black "Konstantinos"]
[Result "0-1"]
[WhiteElo "1642"]
[BlackElo "1674"]
[Opening "Sicilian: closed"]
[ECO "B23"]
[Time "12:01:18"]
[TimeControl "2700+45"]

1. e4 c5 2. Nc3 e6 3. f4 Nc6 4. Nf3 d6 5. Bc4 Be7 6. O-O Nf6 7. e5 Nd7 8. Qe1
O-O 9. d3 a6 10. exd6 Bxd6 11. a4 Nf6 12. Ne4 Be7 13. c3 Na5 14. Be3 Nxe4 15.
dxe4 Nxc4 16. Rd1 Qc7 17. Bc1 b6 18. b3 Na5 19. b4 Nc6 20. b5 axb5 21. axb5 Na5
22. e5 Bb7 23. Qg3 Rfd8 24. Rde1 Rd3 25. f5 exf5 26. Bh6 g6 27. Bf4 Qc8 28. e6
fxe6 29. h4 Bf6 30. h5 Kg7 31. Be5 Nc4 32. h6+ Kg8 33. Bxf6 Nd2 34. Qe5 Nxf1 35.
Bh8 Qd7 36. Rxf1 Bxf3 37. gxf3 Rd5 38. Qf6 Qf7 39. Re1 Qxf6 40. Bxf6 Kf7 41. Bg7
Rd2 42. Be5 Ra5 43. c4 Ra7 44. Bf4 Rc2 45. Rd1 Rxc4 46. Be5 Ke7 47. Bd6+ Ke8 48.
Be5 Ra2 49. Bc7 g5 50. Bxb6 Rb4 51. Bxc5 Rxb5 52. Rc1 Kf7 53. Bd4 Kg6 54. Bg7
Kh5 55. Re1 Kh4 56. Bd4 Kg3 57. Rf1 e5 58. Bc3 Kh4 59. Be1+ Kh5 60. Bf2 Kxh6 61.
Kg2 Kh5 62. Rh1+ Kg6 63. Rc1 f4 {White resigns} 0-1

[Event "Team 45 45 League T76"]
[Site "Internet Chess Club"]
[Date "2018.04.07"]
[Round "3"]
[White "Agarnez"]
[Black "anna"]
[Result "0-1"]
[WhiteElo "1927"]
[BlackElo "1968"]
[Opening "QGD Slav: 4.Nc3"]
[ECO "D15"]
[Time "17:00:30"]
[TimeControl "2700+45"]

1. d4 d5 2. c4 c6 3. Nf3 Nf6 4. Nc3 a6 5. c5 e6 6. Bg5 Be7 7. e3 Nbd7 8. b4 O-O
9. Bd3 Re8 10. O-O Nh5 11. Bf4 Nxf4 12. exf4 f6 13. Re1 Nf8 14. Na4 Qc7 15. Nb6
Rb8 16. Qd2 Bd8 17. g3 Qf7 18. Re3 Bxb6 19. cxb6 Nd7 20. Rae1 Nxb6 21. Qc2 g6
22. h4 Bd7 23. Kg2 Nc8 24. a4 Nd6 25. g4 b5 26. g5 Nc4 27. Bxc4 bxc4 28. gxf6
Qxf6 29. Ne5 Re7 30. Kg3 Rf8 31. Rf3 Be8 32. Ng4 Qxd4 33. Re5 h5 34. Ne3 Rxf4
{White resigns} 0-1

[Event "Team 45 45 League T76"]
[Site "Internet Chess Club"]
[Date "2018.04.09"]
[Round "3"]
[White "yuanbao2007"]
[Black "elmaestro"]
[Result "0-1"]
[WhiteElo "1152"]
[BlackElo "1677"]
[Opening "Dutch defense"]
[ECO "A84"]
[Time "20:28:04"]
[TimeControl "2700+45"]

1. d4 f5 2. c4 e6 3. Nf3 Nf6 4. Nc3 d6 5. Bf4 Be7 6. e3 O-O 7. g3 h6 8. h4 Qe8
9. Bg2 Nbd7 10. Qd3 Bd8 11. O-O-O Ng4 12. Qc2 e5 13. Bxh6 gxh6 14. dxe5 dxe5 15.
Bh3 c6 16. Rd6 Rf6 17. Rhd1 Rxd6 18. Rxd6 Ndf6 19. e4 Bc7 20. Rd2 Qg6 21. Re2
Be6 22. b3 fxe4 23. Nxe4 Nxe4 24. Qxe4 Qxe4 25. Rxe4 Nxf2 26. Bxe6+ Kg7 27. Re3
e4 28. Nd2 Bb6 29. Re2 e3 30. Nf1 Re8 31. Bf5 Kf6 32. Bc2 Ng4 33. b4 Bd4 34. Bd3
b6 35. a4 c5 36. b5 a6 37. Kc2 axb5 38. cxb5 Ra8 39. Kb3 Ne5 40. Bc2 Ng4 41. Kc4
Re8 42. Nd2 Ne5+ 43. Kd5 exd2 44. Re4 Rd8# {White checkmated} 0-1

[Event "Team 45 45 League T76"]
[Site "Internet Chess Club"]
[Date "2018.04.08"]
[Round "3"]
[White "a-man"]
[Black "CMAlge"]
[Result "1-0"]
[WhiteElo "1698"]
[BlackElo "1260"]
[Opening "Catalan: closed, 5.Nf3"]
[ECO "E06"]
[Time "11:00:23"]
[TimeControl "2700+45"]

1. d4 d5 2. c4 e6 3. Nf3 Nf6 4. g3 Be7 5. Bg2 O-O 6. O-O c6 7. Bf4 Nbd7 8. Ne5
c5 9. Na3 cxd4 10. Nxd7 Qxd7 11. Qxd4 Bxa3 12. bxa3 Qa4 13. Bd6 Re8 14. Rac1 b5
15. Be5 bxc4 16. Bxf6 gxf6 17. Qxf6 Qxa3 18. Rxc4 Qe7 19. Rg4+ {Black resigns}
1-0

[Event "Team 45 45 League T76"]
[Site "Internet Chess Club"]
[Date "2018.04.07"]
[Round "3"]
[White "Uku"]
[Black "ILRE"]
[Result "0-1"]
[WhiteElo "1244"]
[BlackElo "1639"]
[Opening "Sicilian: closed, 2...Nc6"]
[ECO "B23"]
[Time "15:02:40"]
[TimeControl "2700+45"]

1. e4 c5 2. Nc3 Nc6 3. Bc4 e6 4. d3 g6 5. f4 Bg7 6. Nf3 Nge7 7. O-O Na5 8. Be3
Nxc4 9. dxc4 d6 10. e5 Nf5 11. Re1 Nxe3 12. Rxe3 dxe5 13. Qxd8+ Kxd8 14. Rd1+
Ke7 15. fxe5 Bd7 16. Red3 Bc6 17. b3 Rhd8 18. Rxd8 Rxd8 19. Rxd8 Kxd8 20. Ne2
Bxf3 21. gxf3 Bxe5 22. Kg2 Kd7 23. Kf2 Bxh2 24. f4 e5 25. Kg2 Bxf4 26. Nxf4 exf4
27. Kf3 g5 28. c3 Kd6 29. b4 f5 30. a3 a6 31. a4 h5 32. Kg2 g4 33. Kf2 cxb4 34.
cxb4 Ke5 35. b5 Kd4 36. Ke2 Kxc4 37. Kf2 axb5 38. axb5 Kxb5 39. Kg2 Kc4 40. Kf2
Kc3 41. Kg2 b5 42. Kf2 b4 43. Kg2 {White resigns} 0-1

[Event "Team 45 45 League T76"]
[Site "Internet Chess Club"]
[Date "2018.04.05"]
[Round "3"]
[White "Centralplay"]
[Black "kamalchandran"]
[Result "1-0"]
[WhiteElo "2161"]
[BlackElo "1851"]
[Opening "King's Indian: fianchetto, Panno variation"]
[ECO "E63"]
[Time "12:03:41"]
[TimeControl "2700+45"]

1. d4 Nf6 2. c4 g6 3. g3 Bg7 4. Bg2 O-O 5. Nc3 d6 6. Nf3 Nc6 7. O-O a6 8. b3 Rb8
9. a4 Bd7 10. Ba3 Re8 11. Ra2 e5 12. d5 Ne7 13. e4 b5 14. axb5 axb5 15. cxb5
Bxb5 16. Nxb5 Rxb5 17. Qd3 Qb8 18. Rb1 Qb6 19. Nd2 Rb8 20. Bf1 Qa7 21. Qc2 Ng4
22. Nc4 Qb7 23. Bxd6 Nc8 24. Ba3 Rxb3 25. Na5 Rxg3+ 26. hxg3 Qxb1 27. Qxc7 Qxa2
28. Qd8+ {Black resigns} 1-0

[Event "Team 45 45 League T76"]
[Site "Internet Chess Club"]
[Date "2018.04.07"]
[Round "3"]
[White "Magagna"]
[Black "Percival"]
[Result "0-1"]
[WhiteElo "1816"]
[BlackElo "2034"]
[Opening "QGD Slav defense"]
[ECO "D10"]
[Time "20:11:37"]
[TimeControl "2700+45"]

1. d4 d5 2. c4 c6 3. Nc3 Nf6 4. Bf4 e6 5. e3 Bd6 6. Bxd6 Qxd6 7. c5 Qc7 8. b4 e5
9. Nf3 Bg4 10. h3 Bxf3 11. Qxf3 Nbd7 12. g4 exd4 13. exd4 O-O 14. Bd3 Rfe8+ 15.
Ne2 Ne4 16. O-O Nd2 17. Bxh7+ Kh8 18. Qxf7 Kxh7 19. g5 Rf8 20. Qh5+ Kg8 21. f4
Nxf1 22. Rxf1 Rae8 23. f5 Rxe2 24. Qxe2 Qg3+ 25. Qg2 Qe3+ {White resigns} 0-1

[Event "Team 45 45 League T76"]
[Site "Internet Chess Club"]
[Date "2018.04.06"]
[Round "3"]
[White "Terte"]
[Black "jjimalo"]
[Result "0-1"]
[WhiteElo "1788"]
[BlackElo "1811"]
[Opening "Sicilian: Smith-Morra gambit"]
[ECO "B21"]
[Time "10:06:06"]
[TimeControl "2700+45"]

1. e4 c5 2. d4 cxd4 3. c3 Nf6 4. e5 Nd5 5. Nf3 d6 6. cxd4 Nc6 7. Bc4 Nb6 8. Bb3
dxe5 9. dxe5 Qxd1+ 10. Bxd1 g6 11. Nc3 Bg7 12. O-O O-O 13. Bg5 h6 14. Be3 Nc4
15. Bc5 N4xe5 16. Nd5 b6 17. Nxe7+ Nxe7 18. Bxe7 Re8 19. Nxe5 Rxe7 20. Bf3 Bb7
21. Bxb7 Rxb7 22. Rfe1 Re8 23. Nd3 Rd8 24. Ne5 Rd2 25. Nc4 Rc2 26. Rac1 Rxc1 27.
Rxc1 Rc7 28. Rc2 b5 29. Ne3 Rxc2 30. Nxc2 Bxb2 31. Kf1 f5 32. Ke2 Kf7 33. Kd3
Ke6 34. Nb4 Kd6 35. f3 g5 36. g4 fxg4 37. fxg4 Be5 38. h3 a5 39. Nc2 Kc5 40. Ne3
Bg7 41. Nf5 Bf8 42. h4 gxh4 43. Nxh4 Be7 44. Nf3 Kb4 45. Nd4 Bf6 46. Nf5 Bg5 47.
Nd4 Ka4 48. Nc2 Bf6 49. Ne3 Ka3 50. Nf5 Bg5 51. Nd4 b4 52. Nc6 Bd8 53. Nxd8 Kxa2
54. Nb7 b3 55. Nd6 b2 56. Ne4 b1=Q+ {White resigns} 0-1

[Event "Team 45 45 League T76"]
[Site "Internet Chess Club"]
[Date "2018.04.07"]
[Round "3"]
[White "ascoli"]
[Black "kaiclc"]
[Result "1/2-1/2"]
[WhiteElo "1600"]
[BlackElo "1282"]
[Opening "English: Symmetrical, Keres defense"]
[ECO "A16"]
[Time "14:31:26"]
[TimeControl "2700+45"]

1. c4 Nf6 2. Nc3 c5 3. g3 d5 4. cxd5 Nxd5 5. Bg2 e6 6. Nf3 Nc6 7. O-O Be7 8. d3
O-O 9. Ne1 Bf6 10. Bd2 Nce7 11. Nc2 Rb8 12. Ne3 b5 13. a3 Bb7 14. Qc2 Qb6 15.
Ne4 Bd4 16. Rac1 Rfc8 17. Nxd5 exd5 18. Nc3 b4 19. Na4 Qb5 20. Qb3 Bc6 21. e3
Qxa4 22. Qxa4 Bxa4 23. exd4 bxa3 24. bxa3 cxd4 25. Bb4 Rxc1 26. Rxc1 Rc8 27.
Rxc8+ Nxc8 28. Bxd5 Bb5 29. Be4 g6 30. g4 f6 31. Bc5 Kg7 32. Bxd4 Nd6 33. g5
Nxe4 34. dxe4 a6 35. Bxf6+ Kf7 36. e5 Bd7 37. Kg2 Ke6 38. Kf3 Bc6+ 39. Kg4 Be4
40. Kf4 Bc2 41. h4 Bd1 42. f3 Be2 43. Ke4 Bd1 44. f4 Bc2+ 45. Kd4 Kf5 46. Kd5
Bb3+ 47. Kd6 Ba2 48. Ke7 Bc4 49. Kf8 Kxf4 50. Kg7 Kg4 51. Kh6 Kxh4 52. Kxh7 Kh5
53. Kg7 Be6 54. Kf8 Kg4 55. Ke7 Kf5 56. Kd6 a5 57. a4 Bb3 58. Bd8 Bxa4 59. e6
Bb5 60. Bf6 a4 61. e7 a3 62. Kc7 a2 63. Kd8 Bc6 64. e8=Q Bxe8 65. Kxe8 a1=Q 66.
Bxa1 Kxg5 {Game drawn by mutual agreement} 1/2-1/2

[Event "Team 45 45 League T76"]
[Site "Internet Chess Club"]
[Date "2018.04.06"]
[Round "3"]
[White "dp15"]
[Black "JJ12"]
[Result "0-1"]
[WhiteElo "2057"]
[BlackElo "2119"]
[Opening "Sicilian: Taimanov variation"]
[ECO "B46"]
[Time "16:06:24"]
[TimeControl "2700+45"]

1. e4 c5 2. Nf3 e6 3. d4 cxd4 4. Nxd4 Nc6 5. Nc3 a6 6. Nxc6 bxc6 7. Bd3 d5 8.
O-O Nf6 9. e5 Nd7 10. f4 c5 11. b3 Be7 12. Qe2 Qc7 13. Bd2 Bb7 14. Rae1 g6 15.
Na4 Bc6 16. Nb2 c4 17. Bxc4 dxc4 18. Nxc4 Bb5 19. Qf3 Rc8 20. Nd6+ Bxd6 21. exd6
Qxd6 22. Rf2 O-O 23. c4 Bc6 24. Qh3 Nf6 25. Rfe2 Ne4 26. Bc1 Rfd8 27. Qh6 f5 28.
h4 Qf8 {White resigns} 0-1

[Event "Team 45 45 League T76"]
[Site "Internet Chess Club"]
[Date "2018.04.07"]
[Round "3"]
[White "Monterrey"]
[Black "leojiang"]
[Result "1-0"]
[WhiteElo "2000"]
[BlackElo "1567"]
[Opening "King's Indian: Makagonov system (5.h3)"]
[ECO "E71"]
[Time "19:10:55"]
[TimeControl "2700+45"]

1. d4 Nf6 2. c4 g6 3. Nc3 Bg7 4. e4 d6 5. h3 Na6 6. Be3 O-O 7. Nf3 e5 8. d5 Nc5
9. Qc2 a5 10. Be2 Nfd7 11. g4 b6 12. O-O-O Ba6 13. h4 a4 14. h5 Nf6 15. Rdg1 Qd7
16. Nd2 Rfb8 17. Rg3 b5 18. cxb5 Bxb5 19. Nxb5 Rxb5 20. Bxb5 Qxb5 21. hxg6 fxg6
22. Bxc5 dxc5 23. f3 Rf8 24. Qc4 Qb4 25. a3 Qa5 26. Rgh3 Kh8 27. Nb1 Ra8 28. Nc3
h6 29. d6 cxd6 30. Qf7 Rf8 31. Rxh6+ Bxh6+ 32. Rxh6+ Nh7 33. Qxf8# {Black
checkmated} 1-0

[Event "Team 45 45 League T76"]
[Site "Internet Chess Club"]
[Date "2018.04.06"]
[Round "3"]
[White "joebobpop"]
[Black "laurenpar"]
[Result "1-0"]
[WhiteElo "1945"]
[BlackElo "1890"]
[Opening "French: MacCutcheon, Chigorin variation"]
[ECO "C12"]
[Time "22:01:25"]
[TimeControl "2700+45"]

1. e4 e6 2. d4 d5 3. Nc3 Nf6 4. Bg5 Bb4 5. e5 h6 6. exf6 hxg5 7. fxg7 Rg8 8. Qd3
Qf6 9. a3 Be7 10. Nf3 Nc6 11. h3 Bd7 12. O-O-O O-O-O 13. Qe3 Qxg7 14. Bb5 Bd6
15. Kb1 Rde8 16. Rhe1 f6 17. Qd3 Kb8 18. Nd2 Nd8 19. Bxd7 Qxd7 20. Nb3 c6 21. f3
Nf7 22. Na4 b6 23. c4 Bg3 24. Re2 Qc8 25. c5 b5 26. Nc3 Qc7 27. Na2 Nd8 28. Nb4
Kb7 29. Nd2 e5 30. Nf1 exd4 31. Rxe8 Rxe8 32. Nxd5 Qe5 33. Nxf6 Qxf6 34. Nxg3
Ne6 35. Ne4 {Black resigns} 1-0

[Event "Team 45 45 League T76"]
[Site "Internet Chess Club"]
[Date "2018.04.10"]
[Round "3"]
[White "bobhill"]
[Black "gz99754539"]
[Result "1/2-1/2"]
[WhiteElo "1827"]
[BlackElo "1802"]
[Opening "King's Indian: Torre attack"]
[ECO "A48"]
[Time "22:02:39"]
[TimeControl "2700+45"]

1. d4 Nf6 2. Nf3 g6 3. Bg5 Bg7 4. Nbd2 O-O 5. e4 d6 6. c3 Nbd7 7. a3 e5 8. dxe5
dxe5 9. Bc4 h6 10. Bh4 Kh7 11. Qe2 Qe7 12. O-O g5 13. Bg3 Nh5 14. Kh1 Nxg3+ 15.
fxg3 f6 16. Rf2 Nb6 17. Bb3 Bg4 18. h3 Bh5 19. Nf1 Rad8 20. Ne3 Nd7 21. Nf5 Qc5
22. Raf1 Qb6 23. Ba2 Nc5 24. Bb1 Qb3 25. Nxg5+ fxg5 26. Qxh5 Qc4 {Game drawn by
mutual agreement} 1/2-1/2

[Event "Team 45 45 League T76"]
[Site "Internet Chess Club"]
[Date "2018.04.08"]
[Round "3"]
[White "nathanpillay"]
[Black "suicidepawn"]
[Result "1/2-1/2"]
[WhiteElo "1710"]
[BlackElo "1834"]
[Opening "QGD semi-Slav: 5...Nd7"]
[ECO "D45"]
[Time "16:09:33"]
[TimeControl "2700+45"]

1. d4 d5 2. c4 c6 3. Nf3 Nf6 4. Nc3 e6 5. e3 Nbd7 6. b3 Bd6 7. Bd3 a6 8. O-O O-O
9. e4 dxe4 10. Nxe4 Nxe4 11. Bxe4 Nf6 12. Bc2 b5 13. c5 Be7 14. Qd3 g6 15. Ne5
Qc7 16. Qf3 Nd5 17. Bh6 b4 18. Bxf8 Bxf8 19. Nc4 Bg7 20. Rfd1 a5 21. Nd6 Ba6 22.
Nc4 Ra7 23. a3 Bb5 24. Nd6 Ba6 25. Ne8 Qe7 26. Nxg7 Kxg7 27. axb4 axb4 28. Bd3
Bxd3 29. Qxd3 Nc3 30. Rdc1 Qb7 31. h3 Nd5 32. Kh2 Ra3 33. Rxa3 bxa3 34. Ra1 Nb4
35. Qd2 a2 36. Rxa2 Nxa2 37. Qxa2 Qb8+ 38. g3 Qb4 39. Qb2 f6 40. Kg2 g5 41. Kf1
Qb5+ 42. Ke1 Qb4+ 43. Kd1 Qb5 44. Ke1 Qb4+ 45. Kf1 Qb5+ 46. Kg1 Qb4 47. Kg2 h5
48. f3 Kh6 49. Kf2 Kg7 50. f4 g4 51. hxg4 hxg4 52. Kg2 Qe1 53. b4 Qe4+ 54. Kh2
Qh7+ 55. Kg1 Qd3 56. Kh2 Qh7+ {Game drawn by mutual agreement} 1/2-1/2

[Event "Team 45 45 League T76"]
[Site "Internet Chess Club"]
[Date "2018.04.08"]
[Round "3"]
[White "ILRE"]
[Black "Portola"]
[Result "0-1"]
[WhiteElo "1626"]
[BlackElo "1713"]
[Opening "Queen's bishop game"]
[ECO "D02"]
[Time "12:02:33"]
[TimeControl "2700+45"]

1. d4 d5 2. Nf3 Nf6 3. Bf4 e6 4. e3 Be7 5. h3 Nbd7 6. Bd3 O-O 7. Nbd2 b6 8. O-O
Bb7 9. c3 c5 10. Bh2 Qc8 11. Rc1 a6 12. a4 c4 13. Bc2 b5 14. b4 bxa4 15. Bxa4
Bc6 16. Bc2 a5 17. bxa5 Rxa5 18. Ra1 Qa6 19. Rxa5 Qxa5 20. Qa1 Ra8 21. Qxa5 Rxa5
22. Rc1 Ra2 23. Bb1 Ra3 24. Ne5 Nxe5 25. dxe5 Nd7 26. e4 Nc5 27. exd5 Bxd5 28.
Bf4 Na4 29. Kh2 Nxc3 30. Be3 g6 31. Bh6 Bd8 32. Nf1 Bc7 33. f4 Bb6 34. Ng3 Rb3
35. Bc2 Rb2 36. f5 Na2 37. Rb1 Rxc2 38. Rxb6 Rxg2+ 39. Kh1 Rb2+ {White resigns}
0-1

[Event "Team 45 45 League T76"]
[Site "Internet Chess Club"]
[Date "2018.04.05"]
[Round "3"]
[White "idjit"]
[Black "RD1974"]
[Result "0-1"]
[WhiteElo "1521"]
[BlackElo "1652"]
[Opening "Sicilian: closed"]
[ECO "B23"]
[Time "18:02:50"]
[TimeControl "2700+45"]

1. e4 c5 2. Nc3 e6 3. f4 a6 4. Nf3 Qc7 5. d3 b5 6. Be2 Bb7 7. O-O Nc6 8. Qe1 b4
9. Nd1 Be7 10. Qg3 Nf6 11. Qxg7 Rg8 12. Qh6 Rg6 13. Qh3 Nd4 14. Nxd4 cxd4 15.
Nf2 Bf8 16. Bd1 O-O-O 17. f5 exf5 18. Qxf5 Bd6 19. h3 Rdg8 20. g4 Re8 21. h4 Re5
22. Qf3 Rh5 23. Bg5 Rhxg5 24. hxg5 Nh5 25. Qxf7 Bh2+ 26. Kg2 Qg3+ 27. Kh1 Nf4
{White resigns} 0-1

[Event "Team 45 45 League T76"]
[Site "Internet Chess Club"]
[Date "2018.04.06"]
[Round "3"]
[White "losscause"]
[Black "cpic2363"]
[Result "1-0"]
[WhiteElo "1458"]
[BlackElo "1454"]
[Opening "Scandinavian (center counter) defense"]
[ECO "B01"]
[Time "19:10:09"]
[TimeControl "2700+45"]

1. e4 d5 2. exd5 Qxd5 3. Nf3 Nf6 4. Be2 e6 5. d4 c6 6. O-O Qa5 7. c4 Qc7 8. h3
Be7 9. Nc3 O-O 10. Be3 Nbd7 11. Rc1 b6 12. a3 a6 13. b4 Bb7 14. Qb3 c5 15. Rfd1
cxd4 16. Bxd4 Rac8 17. a4 Bxf3 18. gxf3 Qf4 19. Be3 Qf5 20. Kg2 Ne5 21. Ne4 Nxe4
22. fxe4 Qxe4+ 23. f3 Qc6 24. c5 b5 25. axb5 axb5 26. Rd4 Rfd8 27. Rcd1 Rxd4 28.
Rxd4 Ra8 29. Qb2 Ra4 30. Rd1 Qa8 31. Qxe5 Rxb4 32. Ra1 Qb7 33. Rc1 Qc6 34. Qb8+
Bf8 35. Rd1 Rb2 36. Kf2 {Black resigns} 1-0

[Event "Team 45 45 League T76"]
[Site "Internet Chess Club"]
[Date "2018.04.08"]
[Round "3"]
[White "Goli"]
[Black "bradleyguo175"]
[Result "1-0"]
[WhiteElo "1699"]
[BlackElo "1804"]
[Opening "Sicilian: Alapin's variation (2.c3)"]
[ECO "B22"]
[Time "16:31:19"]
[TimeControl "2700+45"]

1. e4 c5 2. c3 d6 3. d4 Nc6 4. Nf3 Nf6 5. dxc5 Nxe4 6. cxd6 Qxd6 7. Qxd6 Nxd6 8.
Bf4 e6 9. Bd3 Be7 10. Nbd2 O-O 11. O-O b6 12. Ne4 Nxe4 13. Bxe4 Bb7 14. Ne5 Rac8
15. Nxc6 Bxc6 16. Bxc6 Rxc6 17. Rfd1 Rcc8 18. Rd7 Bc5 19. b4 Bxf2+ 20. Kxf2 Rxc3
21. Rxa7 Rc4 22. Kf3 Rd8 23. Rc1 Rxb4 24. Rcc7 g6 25. Rxf7 Rd3+ 26. Ke2 {Black
resigns} 1-0

[Event "Team 45 45 League T76"]
[Site "Internet Chess Club"]
[Date "2018.04.06"]
[Round "3"]
[White "filmdirector"]
[Black "Egmont"]
[Result "0-1"]
[WhiteElo "1680"]
[BlackElo "1654"]
[Opening "French: exchange variation"]
[ECO "C01"]
[Time "12:00:15"]
[TimeControl "2700+45"]

1. e4 e6 2. d4 d5 3. exd5 exd5 4. Nf3 Nc6 5. Bb5 Bb4+ 6. c3 Bd6 7. O-O Ne7 8.
Re1 Bf5 9. Ne5 O-O 10. f4 a6 11. Ba4 b5 12. Bb3 Na5 13. Bc2 Bxc2 14. Qxc2 c5 15.
dxc5 Bxc5+ 16. Kh1 Rc8 17. Qe2 Nc4 18. Nxc4 dxc4 19. Be3 Bxe3 20. Qxe3 Nf5 21.
Qf2 Re8 22. Nd2 Qd3 23. Rad1 Ne3 24. Rc1 Rcd8 25. Nf3 Ng4 26. Qh4 Ne3 27. Ne5
Qd2 28. Qf2 Qxf2 {White resigns} 0-1